 Dungeon Crawl Stone Soup version 0.32-a0-938-g40ac7a0f4d (webtiles) character file.

Game seed: 16219137638276814864

4098 Autsider the Thaumaturge (level 10, -1/56 HPs)
             Began as a Deep Elf Hedge Wizard on Apr 15, 2024.
             Was a Follower of Sif Muna.
             Killed from afar by an acid dragon (10 damage)
             ... with a splash of acid
             ... on level 8 of the Dungeon.
             The game lasted 00:40:22 (13471 turns).

Autsider the Thaumaturge (Deep Elf Hedge Wizard)   Turns: 13471, Time: 00:40:23

Health: -1/56      AC:  6    Str:  7    XL:     10   Next: 6%
Magic:  20/24      EV: 13    Int: 24    God:    Sif Muna [*.....]
Gold:   498        SH:  0    Dex: 14    Spells: 19/25 levels left

rFire   + . .        y - staff of alchemy {!a}
rCold   + . .        (no shield)
rNeg    . . .        b - +0 robe
rPois   +            s - +0 helmet
rElec   .            A - scarf {rC+ rF+}
rCorr   .            f - +2 pair of gloves
SInv    .            (no boots)
Will    +....        (no amulet)
Stlth   +++          x - ring of poison resistance
HPRegen 0.29/turn    (no ring)
MPRegen 0.19/turn

%: no passive effects
@: about to teleport
A: no striking features
a: Renounce Religion, Channel Magic


You were on level 8 of the Dungeon.
You worshipped Sif Muna.
Sif Muna was aware of your devotion.
You visited 2 branches of the dungeon, and saw 10 of its levels.

You collected 498 gold pieces.

Inventory:

Armour
 b - a +0 robe (worn)
 f - a +2 pair of gloves (worn)
 j - a +0 leather armour
 s - a +0 helmet (worn)
 A - a scarf of resistance (worn)
Magical Staves
 o - a staff of death {!a}
 y - a staff of alchemy (weapon) {!a}
 E - a staff of fire
Jewellery
 t - a ring of fire
 x - a ring of poison resistance (left hand)
Wands
 c - a wand of flame (16)
 l - a wand of mindburst (3)
 q - a wand of quicksilver (13)
 C - a wand of polymorph (11)
Scrolls
 e - 2 scrolls of revelation
 g - a scroll of enchant armour
 h - a scroll of brand weapon {unknown}
 k - a scroll of enchant weapon
 m - a scroll of poison {unknown}
 p - a scroll of summoning {unknown}
 r - a scroll of amnesia {unknown}
 B - a scroll of noise {unknown}
 D - a scroll of immolation {unknown}
Potions
 d - a potion of magic
 i - 2 potions of brilliance
 n - 4 potions of enlightenment
 u - a potion of curing {unknown}
 v - 2 potions of lignification
 w - 3 potions of might
 z - 2 potions of ambrosia {unknown}


   Skills:
 - Level 4.0 Fighting
 - Level 6.0 Dodging
 - Level 5.0 Stealth
 - Level 8.0 Spellcasting
 + Level 6.3 Conjurations
 - Level 8.0 Summonings
 - Level 1.1 Translocations
 + Level 5.5 Air Magic
 - Level 4.0 Alchemy


You had 19 spell levels left.
You knew the following spells:

 Your Spells              Type           Power      Damage    Failure   Level
a - Magic Dart            Conj           100%       1d8       1%          1
w - Mephitic Cloud        Conj/Alch/Air  51%        N/A       2%          3
A - Call Imp              Summ           96%        N/A       1%          2

Your spell library contained the following spells:

 Spells                   Type           Power      Damage    Failure   Level
 Cigotuvi's Dreadful Rot  Necr/Alch/Air  74%        N/A       2%          2
 Dazzling Flash           Conj/Hex       48%        N/A       5%          3
 Slow                     Hex            36%        N/A       6%          1
 Blink                    Tloc           28%        N/A       6%          2
 Silence                  Hex/Air        11%        N/A       50%         5
 Animate Dead             Necr           9%         N/A       54%         4
 Curse of Agony           Necr           9%         N/A       87%         5
 Haunt                    Necr/Summ      14%        N/A       100%        7
 Infestation              Necr           4%         N/A       100%        8


Dungeon Overview and Level Annotations

Branches:
Dungeon (9/15)             Temple (1/1) D:4
   Lair: D:8-11         Orc: D:9-12

Altars:
Ashenzari
Cheibriados
Dithmenos
Elyvilon
Fedhas
Gozag
Hepliaklqana
Kikubaaqudgha
Makhleb
Qazlal
Ru
Sif Muna
Trog
Uskayaw
Vehumet
Wu Jian
Xom
Yredelemnul
Zin
The Shining One

Annotations:
D:3 exclusion: downstairs
D:4 exclusion: 2 downstairs
D:7 Joseph
D:8 2 runed translucent doors, exclusions: 2 downstairs and orange crystal statue
D:9 Erolcha


Message History

The orc priest invokes the aid of Beogh against you.
Beogh smites you!
* * * LOW HITPOINT WARNING * * *
The orc warrior hits you from afar with a +0 glaive!
* * * LOW HITPOINT WARNING * * *
You climb upwards.
Level annotation: 2 runed translucent doors, exclusions: 2 downstairs and orange crystal statue Reactivating autopickup.
There is a stone staircase leading down, spattered with blood here.
Casting: Magic Dart (safe; 1% risk of failure)
Confirm with . or Enter, or press ? or * to list all spells.
Aiming: Mephitic Cloud (dangerous; 2% risk of failure)
Press: ? - help, Shift-Dir - straight line, f - you You feel a surge of power!
The ball explodes into a vile cloud!
The stinking cloud engulfs you.
The stinking cloud engulfs the kobold.
The stinking cloud engulfs the acid dragon.
The acid dragon bites you but does no damage.
The acid dragon misses you.
The kobold is engulfed in noxious fumes.
The kobold closely misses you.
As you read the scroll of teleportation {@r2}, it crumbles to dust.
You feel strangely unstable. The acid dragon bites you.
* * * LOW HITPOINT WARNING * * *
The acid dragon closely misses you.
The kobold is engulfed in noxious fumes.
The kobold appears confused.
Casting: Mephitic Cloud (dangerous; 2% risk of failure)
Confirm with . or Enter, or press ? or * to list all spells.
Aiming: Magic Dart (safe; 1% risk of failure)
Press: ? - help, Shift-Dir - straight line, f - kobold
Aim: a kobold, wielding a +0 dagger and quivering stones (noxious fumes, confused, 100% to hit)
The magic dart hits the kobold!
You kill the kobold!
Sif Muna accepts your kill. The acid dragon bites you!
* * * LOW HITPOINT WARNING * * *
The acid dragon misses you. The acid dragon spits acid at you.
The splash of acid hits you!
You die...

###........# ###.###.#..#
######### .##........# #.......#
#....###...# #.#####.# .##..#
#...####.#####.#
.##..###..###......##.###
###.......# #.#.##......#
........### #.#.#####.#.######
[.###########.#>@§D.<..#.....#
..## #....#########.####.####
#..## #.#### ###.......# ##..##
#)######### #.##..#.#
.##..#####.#..zY...######.#.<.#.#
...........#.#####.....##.#.#(#[#
#.#........#.#####z....##.(.....#
..##.......#.##...Y....##..(#####
#..##..(...#.##.##.....###.##


You could see an acid dragon (catching breath).

Vanquished Creatures
  4 yaks (D:8)
  Menkaure (D:7)
  Duvessa (D:7)
  An orc warrior (D:8)
  A sky beast (D:7)
  2 ice beasts
  A black bear (D:5)
  A centaur (D:8)
  2 ogres
  A wolf (D:8)
  4 kobold brigands
  5 scorpions
  2 bullfrogs
  2 wights (D:8)
  Dowan (D:7)
  10 killer bees
  4 howler monkeys (D:9)
  2 bombardier beetles
  A hound (D:7)
  2 orc priests
  A jelly (D:5)
  2 sleepcaps
  5 iguanas
  5 orc wizards
  6 adders
  2 shadow imps
  6 white imps
  2 ufetubi (D:6)
  A ribbon worm (D:3)
  5 dart slugs
  20 orcs
  7 endoplasms
  3 giant cockroaches
  12 goblins
  5 hobgoblins
  9 jackals
  3 quokkas
  5 ball pythons
  3 bats (D:1)
  A frilled lizard (D:2)
  22 kobolds
  3 rats (D:2)
176 creatures vanquished.

Vanquished Creatures (collateral kills)
  A sky beast (D:6)
  A kobold brigand (D:4)
  A bullfrog (D:6)
  2 killer bees (D:7)
  A hound (D:5)
  A sleepcap (D:6)
  An orc (D:7)
8 creatures vanquished.

Grand Total: 184 creatures vanquished

Notes
Turn   | Place    | Note
-------+----------+-------------------------------------------
     0 | D:1      | Autsider the Deep Elf Hedge Wizard began the quest for the
                  | Orb.
     0 | D:1      | Reached XP level 1. HP: 10/10 MP: 7/7
     2 | D:1      | Noticed a vampire
     2 | D:1      | Noticed a felid
     4 | D:1      | Noticed a minotaur
     6 | D:1      | Noticed an octopode
     6 | D:1      | Noticed a vine stalker
     8 | D:1      | Noticed an oni
    11 | D:1      | Noticed a dwarf
    11 | D:1      | Noticed a demigod
    13 | D:1      | Noticed a demonspawn
    13 | D:1      | Noticed a ghoul
    15 | D:1      | Noticed a djinni
    17 | D:1      | Noticed a merfolk
    17 | D:1      | Noticed a troll
    19 | D:1      | Noticed a human
    19 | D:1      | Noticed an elf
    21 | D:1      | Noticed a gargoyle
    21 | D:1      | Noticed an armataur
    23 | D:1      | Noticed a spriggan
    23 | D:1      | Noticed a formicid
    25 | D:1      | Noticed a tengu
    25 | D:1      | Noticed a barachi
    27 | D:1      | Noticed a draconian
    27 | D:1      | Noticed a naga
   590 | D:1      | Reached XP level 2. HP: 15/15 MP: 2/9
  1708 | D:2      | Reached XP level 3. HP: 19/19 MP: 8/10
  2296 | D:2      | Reached XP level 4. HP: 24/24 MP: 6/12
  2845 | D:3      | Found a sacrificial altar of Ru.
  3056 | D:3      | Found a shimmering altar of Xom.
  3056 | D:3      | Found a shimmering altar of Xom.
  3416 | D:3      | Reached skill level 5 in Spellcasting
  3566 | D:3      | Noticed a scorpion
  3575 | D:3      | Killed a scorpion
  3576 | D:3      | Reached skill level 1 in Air Magic
  3576 | D:3      | Reached skill level 1 in Alchemy
  3576 | D:3      | Reached XP level 5. HP: 21/28 MP: 6/14
  3976 | D:4      | Noticed an ogre
  3979 | D:4      | Found a staircase to the Ecumenical Temple.
  4029 | D:3      | Learned a level 2 spell: Call Imp
  4033 | D:3      | Learned a level 3 spell: Mephitic Cloud
  4165 | D:4      | Reached XP level 6. HP: 28/32 MP: 5/15
  4244 | D:4      | Found a shadowy altar of Dithmenos.
  4475 | D:4      | Reached skill level 5 in Conjurations
  4791 | D:3      | HP: 2/48 [poisoned by a kobold brigand (curare-tipped
                  | dart)]
  4920 | D:5      | Entered Level 5 of the Dungeon
  4920 | D:5      | Noticed an ice beast
  5184 | D:5      | Reached XP level 7. HP: 36/36 MP: 0/17
  6106 | D:5      | Found an ornate altar of the Wu Jian Council.
  6151 | D:5      | Reached skill level 1 in Fighting
  6349 | D:5      | Found a glowing silver altar of Zin.
  6388 | D:5      | Reached XP level 8. HP: 43/43 MP: 9/19
  7770 | D:7      | Noticed Menkaure
  7930 | D:7      | Noticed Dowan
  8083 | D:7      | Killed Menkaure
  8084 | D:7      | Reached skill level 5 in Dodging
  8264 | D:7      | Reached skill level 5 in Summonings
  8677 | D:7      | Noticed Duvessa
  8721 | D:7      | Killed Dowan
  8722 | D:7      | Reached XP level 9. HP: 51/51 MP: 12/23
  8872 | D:7      | Killed Duvessa
  9142 | D:7      | Noticed Joseph
 10009 | Temple   | Entered the Ecumenical Temple
 10015 | Temple   | Became a worshipper of Sif Muna the Loreminder
 10229 | D:8      | HP: 2/52 [centaur/arrow (12)]
 11074 | D:8      | Reached skill level 5 in Stealth
 11468 | D:8      | Found a broken altar of Ashenzari.
 11674 | D:8      | Noticed an orange crystal statue
 11676 | D:8      | Found a runed translucent door.
 11677 | D:8      | Found the +10 tower shield of Ignorance {rN+ Int-4}
 11698 | D:8      | Found a runed translucent door.
 12107 | D:9      | Reached * piety under Sif Muna
 12585 | D:9      | Noticed Erolcha
 13041 | D:8      | Reached skill level 5 in Air Magic
 13134 | D:8      | Reached XP level 10. HP: 27/56 MP: 1/24
 13471 | D:8      | Killed from afar by an acid dragon

Illustrated notes

Levels and vault maps discovered:
D:1:      kb_arrival_jail, layout_basic
D:2:      layout_basic, minmay_tripent
D:3:      layout_basic, mainiacjoe_overflow_six_doors_small, xom_redecorated,
          serial_corexii_hall, corexii_hall_statues_deadend,
          corexii_hall_statues_u, corexii_hall_statues_i
D:4:      layout_basic, nicolae_dithmenos_shadow_blocks,
          minmay_temple_entry_glassed_door, nicolae_figureground_pulse
D:5:      layout_rooms, mainiacjoe_overflow_24_doors, zin_treasury
D:6:      layout_cave_pools, nrook_mini_vaults, dk_vineyard_3,
          chequers_serial_rivers_micro_d
D:7:      layout_loops_corners, uniq_duvessa, uniq_joseph, uniq_menkaure
D:8:      layout_loops_cross, general_overflow_altar, nicolae_wwwww,
          chequers_guarded_unrand_ignorance
D:9:      layout_cave_pools, erik_lair_orcish_takeover,
          gammafunk_ghost_wrathful_warriors, uniq_erolcha
Temple:   eino_narrow_crystal_temple

Skill      XL: |  1  2  3  4  5  6  7  8  9 |
---------------+----------------------------+-----
Conjurations   | 2 3 4 5 6 |  6.3
Stealth        | 3 5 |  5.0
Dodging        | 3 5 6 |  6.0
Spellcasting   | 5 6 8 |  8.0
Air Magic      | 1 3 4 5 |  5.5
Alchemy        | 1 3 4 |  4.0
Summonings     | 2 4 5 8 |  8.0
Fighting       | 1 3 4 |  4.0
Translocations | |  1.1

Action                     |  1- 3 |  4- 6 |  7- 9 | 10-12 || total
---------------------------+-------+-------+-------+-------++-------
  Melee: Unarmed           |       |       |    14 |       ||    14
   Cast: Magic Dart        |   100 |   164 |   451 |     9 ||   724
         Mephitic Cloud    |       |     1 |    56 |     2 ||    59
         Call Imp          |       |     1 |    34 |       ||    35
  Evoke: Wand              |       |     1 |       |       ||     1
    Use: Scroll            |     3 |     1 |     8 |     1 ||    13
         Potion            |       |     3 |       |       ||     3
 Armour: Robe              |    12 |    24 |   151 |    10 ||   197
  Dodge: Dodged            |    12 |    27 |   138 |     7 ||   184

Table legend: (Time is in decaauts)
 A = Elapsed time spent in this place.
 B = Non-inter-level travel time spent in this place.
 C = Inter-level travel time spent in this place.
 D = Time resting spent in this place.
 E = Time spent auto-exploring this place.
 F = Levels seen in this place.
 G = Mean time per level.
                   A        B        C        D        E       F      G
               +--------+--------+--------+--------+--------+-----+--------+
         Total |  13524 |  12750 |    774 |   3313 |   6784 |  10 | 1352.4 |
       Dungeon |  13511 |  12748 |    763 |   3313 |   6784 |   9 | 1501.2 |
        Temple |     12 |      2 |     10 |      0 |      0 |   1 |   12.0 |
               +--------+--------+--------+--------+--------+-----+--------+

Top non-repeatable levels by time:
     D:7: 3005 daAuts
     D:8: 2513 daAuts
     D:4: 1761 daAuts
     D:1: 1642 daAuts
     D:3: 1545 daAuts
     D:5: 1065 daAuts
     D:6: 1016 daAuts
     D:2: 848 daAuts
     D:9: 112 daAuts
  Temple: 12 daAuts
